 Dungeon Crawl Stone Soup version 0.29-a0-416-g83a48905f1 (webtiles) character file.

Game seed: 7789136835852237777

443 hquester the Grasshopper (level 6, -12/47 HPs)
             Began as a Demonspawn Warper on May 16, 2022.
             Killed by divine providence
             ... invoked by an orc priest
              (14 damage)
             ... on level 4 of the Dungeon.
             The game lasted 00:16:00 (3413 turns).

hquester the Grasshopper (Demonspawn Warper)        Turns: 3413, Time: 00:16:01

Health: -12/47     AC:  5    Str: 12    XL:     6   Next: 71%
Magic:  10/10      EV: 10    Int: 14    God:
Gold:   208        SH:  7    Dex: 14    Spells: 8/10 levels left

rFire   . . .      SeeInvis .   n - +3 dagger
rCold   . . .      Faith    .   i - +0 kite shield
rNeg    . . .      Spirit   .   b - +0 leather armour
rPois   +          Reflect  .   p - +0 helmet
rElec   .          Harm     .   x - +0 cloak
rCorr   .          Rampage  .   (no gloves)
Will    .....                   (no boots)
Stlth   ++........              l - amulet of regeneration
HPRegen 0.95/turn               m - ring of poison resistance
MPRegen 0.12/turn               q - ring of wizardry

@: no status effects
A: powered by pain 1, demonic touch 2
a: no special abilities


You were on level 4 of the Dungeon.
You visited 1 branch of the dungeon, and saw 4 of its levels.

You collected 208 gold pieces.

Inventory:

Hand Weapons
 a - a +0 short sword
 n - a +3 dagger (weapon)
Missiles
 d - 7 boomerangs of dispersal (quivered)
Armour
 b - a +0 leather armour (worn)
 i - a +0 kite shield (worn)
 p - a +0 helmet (worn)
 x - a +0 cloak (worn)
Jewellery
 l - an amulet of regeneration (around neck)
 m - a ring of poison resistance (left hand)
 q - a ring of wizardry (right hand)
 u - a ring of see invisible
Wands
 t - a wand of flame (11)
Scrolls
 c - a scroll of blinking
 f - 4 scrolls of identify {unknown}
 o - a scroll of enchant armour {unknown}
 r - 2 scrolls of noise {unknown}
 w - 3 scrolls of teleportation {unknown}
 y - a scroll of torment {unknown}
 B - a scroll of immolation {unknown}
Potions
 e - 2 potions of heal wounds {unknown}
 g - 4 potions of curing {unknown}
 h - 2 potions of flight {unknown}
 j - a potion of ambrosia {unknown}
 k - 2 potions of magic {unknown}
 s - a potion of brilliance {unknown}
 v - 2 potions of attraction {unknown}
 z - a potion of degeneration {unknown}
 A - 2 potions of might


   Skills:
 + Level 3.1 Fighting
 + Level 2.8 Short Blades
 - Level 1.0 Throwing
 + Level 2.4 Armour
 + Level 2.8 Dodging
 + Level 2.0 Stealth
 + Level 1.3 Shields
 + Level 2.9 Spellcasting
 + Level 3.5 Translocations


You had 8 spell levels left.
You knew the following spells:

 Your Spells              Type           Power      Damage    Failure   Level
a - Blink                 Tloc           24%        N/A       13%         2

Your spell library contained the following spells:

 Spells                   Type           Power      Damage    Failure   Level
 Gell's Gravitas          Tloc           12%        N/A       26%         3
 Lesser Beckoning         Tloc           12%        N/A       26%         3
 Teleport Other           Tloc           12%        N/A       26%         3
 Sublimation of Blood     Necr           2%         N/A       47%         2
 Wereblood                Tmut           2%         N/A       47%         2
 Manifold Assault         Tloc           12%        N/A       91%         5
 Summon Hydra             Summ           1%         N/A       100%        7


Dungeon Overview and Level Annotations

Branches:
Dungeon (4/15)             Temple (0/1) D:4

Altars:
Makhleb
Qazlal
Sif Muna
Vehumet
Wu Jian
Zin


Innate Abilities, Weirdness & Mutations

You sometimes gain a little power by taking damage.
Your touch may inflict irresistible damage on your foes.


Message History

You hit the orc priest but do no damage.
You block the orc priest's attack.
You hit the orc priest but do no damage.
The orc priest hits you with a +0 trident.
You hit the orc priest but do no damage.
The orc priest hits you with a +0 trident.
You hit the orc priest but do no damage.
The orc priest invokes the aid of Beogh against you.
Beogh smites you!
You closely miss the orc priest. The orc priest closely misses you.
The orc priest mumbles some strange prayers to Beogh against you.
Beogh smites you!
* * * LOW HITPOINT WARNING * * *
You hit the orc priest but do no damage.
You block the orc priest's attack.
You closely miss the orc priest.
The orc priest hits you but does no damage.
You hit the orc priest but do no damage.
The orc priest hits you but does no damage.
You completely miss the orc priest. The orc priest closely misses you.
You closely miss the orc priest.
The orc priest hits you with a +0 trident.
* * * LOW HITPOINT WARNING * * *
You hit the orc priest but do no damage.
The orc priest closely misses you.
You closely miss the orc priest.
The orc priest hits you with a +0 trident.
* * * LOW HITPOINT WARNING * * *
You hit the orc priest but do no damage.
The orc priest looks encouraged for a moment.
You barely miss the orc priest.
The orc priest hits you but does no damage.
You hit the orc priest but do no damage.
The orc priest mumbles some strange prayers to Beogh against you.
Beogh smites you!
* * * LOW HITPOINT WARNING * * *
You barely miss the orc priest.
The orc priest calls down the wrath of Beogh upon you.
Beogh smites you!
You die...

###..#.......##....#.#
.........#....#....#.#
...................#.#
.............#.....#.#
.............#.....#.#
.............#.....#.#
†...........(#..o###.#
...........#.###o#
#.##
†.........##.###@#
#..#
........)☼.....#.#
##.#
#######.☼.!..#.#.# #.#
#.§_...#.#.## #.#
#○○.§......>###.#
##..☼.§.......##.#
#....#.........#.#
#....#..)†.....#.#
#....#...........#


You could see an orc priest and an orc.

Vanquished Creatures
  A black bear (D:4)
  A phantom (D:4)
  2 scorpions (D:4)
  Jessica (D:3)
  5 adders
  An ufetubus (D:3)
  A dart slug (D:3)
  3 orcs (D:4)
  16 ball pythons
  6 endoplasms
  3 giant cockroaches
  6 hobgoblins
  11 kobolds
  4 quokkas
  7 bats
  3 frilled lizards
  7 goblins
  3 rats
81 creatures vanquished.

Notes
Turn   | Place    | Note
-------+----------+-------------------------------------------
     0 | D:1      | hquester the Demonspawn Warper began the quest for the Orb.
     0 | D:1      | Reached XP level 1. HP: 16/16 MP: 3/3
    99 | D:1      | Reached skill level 1 in Armour
   202 | D:1      | Reached skill level 1 in Throwing
   233 | D:1      | Gained mutation: Your touch may inflict minor irresistible
                  | damage on your foes. [demonic ancestry]
   233 | D:1      | Reached XP level 2. HP: 18/22 MP: 5/5
   311 | D:1      | Found a faded altar of an unknown god.
  1284 | D:2      | Found a stormy altar of Qazlal.
  1287 | D:2      | Gained mutation: You sometimes gain a little power by
                  | taking damage. [demonic ancestry]
  1287 | D:2      | Reached XP level 3. HP: 22/27 MP: 6/6
  1498 | D:2      | Learned a level 2 spell: Blink
  1799 | D:3      | Found a burning altar of Makhleb.
  1907 | D:3      | Reached XP level 4. HP: 29/34 MP: 7/7
  1945 | D:3      | Noticed Jessica
  1955 | D:3      | Killed Jessica
  1956 | D:3      | Reached skill level 1 in Stealth
  2529 | D:3      | Found an ornate altar of the Wu Jian Council.
  2766 | D:4      | Found a shimmering blue altar of Sif Muna.
  2795 | D:4      | Found a radiant altar of Vehumet.
  2939 | D:4      | Noticed a scorpion
  2965 | D:4      | Gained mutation: Your touch may inflict irresistible damage
                  | on your foes. [demonic ancestry]
  2965 | D:4      | Reached XP level 5. HP: 33/39 MP: 8/8
  3016 | D:4      | Found a staircase to the Ecumenical Temple.
  3065 | D:4      | Noticed a black bear
  3111 | D:4      | Killed a black bear
  3112 | D:4      | Reached XP level 6. HP: 43/46 MP: 8/10
  3149 | D:4      | Reached skill level 1 in Shields
  3412 | D:4      | HP: 1/47 [orc priest/divine providence (11)]
  3413 | D:4      | Killed from afar by an orc priest

Illustrated notes

Levels and vault maps discovered:
D:1:      minmay_arrival_widening_spiral_wide, layout_basic,
          dreamdust_ecumenical_altar_grove
D:2:      layout_basic, basic_altar
D:3:      layout_loops_ring, bloody_makhleb, mainiacjoe_overflow_alcove_4,
          minmay_snake_closets, uniq_jessica
D:4:      layout_rooms, nicolae_sif_muna_condensation, fiery_altar_vehumet,
          zin_statuary, minmay_temple_entry_mist, minmay_bent

Skill      XL: |  1  2  3  4  5  6 |
---------------+-------------------+-----
Armour         | 1 2 |  2.4
Throwing       | 1 |  1.0
Short Blades   | 2 |  2.8
Dodging        | 2 |  2.8
Translocations | 3 |  3.5
Stealth        | 1 2 |  2.0
Fighting       | 3 |  3.1
Shields        | 1 |  1.3
Spellcasting   | |  2.9

Action                   |  1- 3 |  4- 6 || total
-------------------------+-------+-------++-------
Melee: Short sword       |   107 |       ||   107
       Dagger            |    55 |   243 ||   298
 Cast: Blink             |       |     1 ||     1
 Stab: Sleeping          |     1 |     3 ||     4
Armor: Leather armour    |    73 |    83 ||   156
Dodge: Dodged            |    95 |   112 ||   207
Block: Kite shield       |    45 |    92 ||   137

Table legend: (Time is in decaauts)
 A = Elapsed time spent in this place.
 B = Non-inter-level travel time spent in this place.
 C = Inter-level travel time spent in this place.
 D = Time resting spent in this place.
 E = Time spent auto-exploring this place.
 F = Levels seen in this place.
 G = Mean time per level.
                   A        B        C        D        E       F      G
               +--------+--------+--------+--------+--------+-----+--------+
         Total |   3448 |   3196 |    252 |      0 |   1885 |   4 |  862.0 |
       Dungeon |   3448 |   3196 |    252 |      0 |   1885 |   4 |  862.0 |
               +--------+--------+--------+--------+--------+-----+--------+

Top non-repeatable levels by time:
     D:1: 1191 daAuts
     D:3: 970 daAuts
     D:4: 662 daAuts
     D:2: 622 daAuts
